| TOP OF THE 1ST |
|
Lodi Crushers batting - Pitching for Salinas Fire Frogs : LHP Manny Villanueba
|
|
Pitching: LHP Manny Villanueba
|
|
|
Batting: LHB Adrian Zepeda
|
0-0: Fly out, F8 (Flyball, 78D, EV 90.6 MPH)
|
|
Batting: LHB Francisco Jabalera
|
0-0: Called Strike 0-1: Ball 1-1: Foul Ball, location: 2F 1-2: SINGLE (Line Drive, 4MD, EV 98.8 MPH)
|
|
Batting: RHB Carmelo Martinez
|
0-0: Ball 1-0: Ball 2-0: Foul Ball, location: 2F 2-1: Called Strike 2-2: Ball 3-2: Foul Ball, location: 2F 3-2: Foul Ball, location: 2F 3-2: Foul Ball, location: 2F 3-2: Grounds into double play, 4-6-3 (Groundball, 4M, EV 86.3 MPH)
|
| Top of the 1st over - 0 runs, 1 hit, 0 errors, 0 left on base; Lodi 0 - Salinas 0 |
| BOTTOM OF THE 1ST |
|
Salinas Fire Frogs batting - Pitching for Lodi Crushers : RHP Dale Brown
|
|
Pitching: RHP Dale Brown
|
|
|
Batting: RHB Bobby Morin
|
0-0: Called Strike 0-1: Ball 1-1: Ground out 5-3 (Groundball, 5S, EV 80.6 MPH)
|
|
Batting: RHB Carlos Urias
|
0-0: Foul Ball, location: 2F 0-1: Called Strike 0-2: Ball 1-2: Ball 2-2: Fly out, F9 (Line Drive, 9, EV 100.0 MPH)
|
|
Batting: RHB Kevin Mitchell
|
0-0: Ball 1-0: Called Strike 1-1: Foul Ball, location: 2F 1-2: Foul Ball, location: 2F 1-2: Fly out, F3 (Popup, 3SF, EV 79.4 MPH)
|
| Bottom of the 1st over - 0 runs, 0 hits, 0 errors, 0 left on base; Lodi 0 - Salinas 0 |
| TOP OF THE 2ND |
|
Lodi Crushers batting - Pitching for Salinas Fire Frogs : LHP Manny Villanueba
|
|
Batting: LHB Jeff Reed
|
0-0: Called Strike 0-1: Ball 1-1: Foul Ball, location: 2F 1-2: Ball 2-2: Ball 3-2: Foul Ball, location: 2F 3-2: SINGLE (Groundball, 4MD, EV 105.0 MPH)
|
|
Batting: RHB John Empting
|
0-0: Ball 1-0: Ball 2-0: Ball 3-0: Called Strike 3-1: Base on Balls Jeff Reed to second
|
|
Batting: RHB Chris Baker
|
0-0: Ball 1-0: Called Strike 1-1: Called Strike 1-2: Strikes out swinging
|
|
Batting: RHB Steve Aragon
|
0-0: Called Strike 0-1: Ball 1-1: Swinging Strike 1-2: Ground out 6-3 (Groundball, 6M, EV 77.5 MPH) Jeff Reed to third John Empting to second
|
|
Batting: SHB Leon Baham
|
0-0: Foul Ball, location: 2F 0-1: Foul Ball, location: 2F 0-2: Ball 1-2: Ball 2-2: Ball 3-2: Strikes out swinging
|
| Top of the 2nd over - 0 runs, 1 hit, 0 errors, 2 left on base; Lodi 0 - Salinas 0 |
| BOTTOM OF THE 2ND |
|
Salinas Fire Frogs batting - Pitching for Lodi Crushers : RHP Dale Brown
|
|
Batting: LHB Kent Keiser
|
0-0: Called Strike 0-1: Foul Ball, location: 2F 0-2: Ball 1-2: Ball 2-2: Fly out, F8 (Flyball, 89S, EV 86.9 MPH)
|
|
Batting: RHB Bruce Morrison
|
0-0: Foul Ball, location: 2F 0-1: Swinging Strike 0-2: Foul Ball, location: 2F 0-2: Ball 1-2: Ball 2-2: Strikes out swinging
|
|
Batting: LHB Charles McGehee
|
0-0: Ball 1-0: Called Strike 1-1: Ball 2-1: Swinging Strike 2-2: Ball 3-2: Foul Ball, location: 2F 3-2: Base on Balls
|
|
Batting: RHB Jordan Chavez
|
0-0: Ball 1-0: Swinging Strike 1-1: SINGLE (Groundball, 5S, EV 68.8 MPH) (infield hit) Charles McGehee to second
|
|
Batting: RHB Therron Harper
|
0-0: SINGLE (Groundball, 25, EV 67.5 MPH) (infield hit) Charles McGehee to third Jordan Chavez to second
|
|
Batting: RHB Leon Doak
|
0-0: Swinging Strike 0-1: Ground out U3 (Groundball, 3, EV 103.8 MPH)
|
| Bottom of the 2nd over - 0 runs, 2 hits, 0 errors, 3 left on base; Lodi 0 - Salinas 0 |
| TOP OF THE 3RD |
|
Lodi Crushers batting - Pitching for Salinas Fire Frogs : LHP Manny Villanueba
|
|
Batting: RHB Kerry Baker
|
0-0: Ball 1-0: SINGLE (Flyball, 5D, EV 98.8 MPH)
|
|
Batting: LHB Adrian Zepeda
|
0-0: Foul Ball, location: 2F 0-1: Fly out, F7 (Flyball, 7, EV 89.4 MPH)
|
|
Batting: LHB Francisco Jabalera
|
0-0: Called Strike 0-1: Ball 1-1: Ball 2-1: Ball 3-1: Swinging Strike 3-2: Foul Ball, location: 2F 3-2: Fielders Choice at 2nd, 4-6 (Groundball, 4S, EV 85.6 MPH)
|
|
Batting: RHB Carmelo Martinez
|
0-0: Ball 1-0: Ball 2-0: Called Strike 2-1: Called Strike 2-2: Strikes out swinging
|
| Top of the 3rd over - 0 runs, 1 hit, 0 errors, 1 left on base; Lodi 0 - Salinas 0 |
| BOTTOM OF THE 3RD |
|
Salinas Fire Frogs batting - Pitching for Lodi Crushers : RHP Dale Brown
|
|
Batting: RHB Bobby Morin
|
0-0: Bunt for hit to 5S - play at first, batter OUT! 5-3
|
|
Batting: RHB Carlos Urias
|
0-0: Foul Ball, location: 2F 0-1: Foul Ball, location: 2F 0-2: Foul Ball, location: 2F 0-2: Ball 1-2: Ball 2-2: Ball 3-2: Fly out, F8 (Flyball, 8RD, EV 78.8 MPH)
|
|
Batting: RHB Kevin Mitchell
|
0-0: Called Strike 0-1: Fly out, F8 (Flyball, 8LM, EV 88.8 MPH)
|
| Bottom of the 3rd over - 0 runs, 0 hits, 0 errors, 0 left on base; Lodi 0 - Salinas 0 |
| TOP OF THE 4TH |
|
Lodi Crushers batting - Pitching for Salinas Fire Frogs : LHP Manny Villanueba
|
|
Batting: LHB Jeff Reed
|
0-0: Ball 1-0: Reached on error, E1 (Groundball, 13S, EV 66.3 MPH)
|
|
Batting: RHB John Empting
|
0-0: Called Strike 0-1: Foul Ball, location: 2F 0-2: Fly out, F9 (Flyball, 89D, EV 101.3 MPH)
|
|
Batting: RHB Chris Baker
|
0-0: Ball 1-0: Called Strike 1-1: Ball 2-1: Foul Ball, location: 2F 2-2: Hit by Pitch Jeff Reed to second
|
|
Batting: RHB Steve Aragon
|
0-0: Ball Wild Pitch! Jeff Reed to third Chris Baker to second 1-0: Ball Wild Pitch! Jeff Reed scores Chris Baker to third 2-0: Swinging Strike 2-1: Swinging Strike 2-2: Ball 3-2: SINGLE (Groundball, 4D, EV 95.0 MPH) Chris Baker scores
|
|
Batting: SHB Leon Baham
|
0-0: Foul Ball, location: 2F 0-1: Ball 1-1: Ground out 6-3 (Groundball, 6, EV 85.6 MPH) Steve Aragon to second
|
|
Batting: RHB Kerry Baker
|
0-0: Swinging Strike 0-1: Ground out U3 (Groundball, 34, EV 81.9 MPH)
|
| Top of the 4th over - 2 runs, 1 hit, 1 error, 1 left on base; Lodi 2 - Salinas 0 |
| BOTTOM OF THE 4TH |
|
Salinas Fire Frogs batting - Pitching for Lodi Crushers : RHP Dale Brown
|
|
Batting: LHB Kent Keiser
|
0-0: Called Strike 0-1: SINGLE (Flyball, 4D, EV 96.9 MPH)
|
|
Batting: RHB Bruce Morrison
|
0-0: Ball 1-0: Foul Ball, location: 2F 1-1: Fly out, F9 (Flyball, 9LS, EV 90.6 MPH)
|
|
Batting: LHB Charles McGehee
|
0-0: Ball 1-0: Foul Ball, location: 2F 1-1: Called Strike 1-2: Ball 2-2: Fielders Choice at 2nd, 4-6 (Groundball, 34, EV 100.0 MPH)
|
|
Batting: RHB Jordan Chavez
|
0-0: Ball Wild Pitch! Charles McGehee to second 1-0: Fly out, F8 (Flyball, 8RXD, EV 101.3 MPH)
|
| Bottom of the 4th over - 0 runs, 1 hit, 0 errors, 1 left on base; Lodi 2 - Salinas 0 |
| TOP OF THE 5TH |
|
Lodi Crushers batting - Pitching for Salinas Fire Frogs : LHP Manny Villanueba
|
|
Batting: LHB Adrian Zepeda
|
0-0: Foul Ball, location: 2F 0-1: Swinging Strike 0-2: Foul Ball, location: 2F 0-2: Foul Ball, location: 2F 0-2: Ball 1-2: Ball 2-2: Ball 3-2: Base on Balls
|
|
Batting: LHB Francisco Jabalera
|
0-0: Ball 1-0: Bunt missed! 1-1: Ball 2-1: Bunt missed! 2-2: Fielders Choice at 2nd, 4-6 (Groundball, 4, EV 85.6 MPH)
|
|
Batting: RHB Carmelo Martinez
|
0-0: Ball 1-0: Fly out, F8 (Line Drive, 8LD, EV 96.9 MPH)
|
|
Batting: LHB Jeff Reed
|
0-0: Foul Ball, location: 2F 0-1: Ball 1-1: Foul Ball, location: 2F 1-2: Ground out 4-3 (Groundball, 4MS, EV 80.6 MPH)
|
| Top of the 5th over - 0 runs, 0 hits, 0 errors, 1 left on base; Lodi 2 - Salinas 0 |
| BOTTOM OF THE 5TH |
|
Salinas Fire Frogs batting - Pitching for Lodi Crushers : RHP Dale Brown
|
|
Batting: RHB Therron Harper
|
0-0: Ball 1-0: Ground out 5-3 (Groundball, 5, EV 91.3 MPH)
|
|
Batting: RHB Leon Doak
|
0-0: SINGLE (Groundball, 56D, EV 102.5 MPH)
|
|
Batting: RHB Bobby Morin
|
0-0: Ball 1-0: Fielders Choice at 2nd, 6-4 (Groundball, 6M, EV 82.5 MPH)
|
|
Batting: RHB Carlos Urias
|
0-0: Called Strike 0-1: Ground out 4-3 (Groundball, 4, EV 101.3 MPH)
|
| Bottom of the 5th over - 0 runs, 1 hit, 0 errors, 1 left on base; Lodi 2 - Salinas 0 |
| TOP OF THE 6TH |
|
Lodi Crushers batting - Pitching for Salinas Fire Frogs : LHP Manny Villanueba
|
|
Batting: RHB John Empting
|
0-0: Swinging Strike 0-1: Ball 1-1: Swinging Strike 1-2: Foul Ball, location: 2F 1-2: Fly out, F8 (Flyball, 8RXD, EV 92.5 MPH)
|
|
Batting: RHB Chris Baker
|
0-0: Fly out, F7 (Flyball, 7S, EV 91.3 MPH)
|
|
Batting: RHB Steve Aragon
|
0-0: Foul Ball, location: 2F 0-1: Ball 1-1: SINGLE (Groundball, 6D, EV 101.3 MPH)
|
|
Batting: SHB Leon Baham
|
0-0: Ball 1-0: Called Strike 1-1: Foul Ball, location: 2F 1-2: Ground out U3 (Groundball, 3, EV 85.0 MPH)
|
| Top of the 6th over - 0 runs, 1 hit, 0 errors, 1 left on base; Lodi 2 - Salinas 0 |
| BOTTOM OF THE 6TH |
|
Salinas Fire Frogs batting - Pitching for Lodi Crushers : RHP Dale Brown
|
|
Batting: RHB Kevin Mitchell
|
0-0: Called Strike 0-1: Fly out, F8 (Line Drive, 8RD, EV 93.1 MPH)
|
|
Batting: LHB Kent Keiser
|
0-0: Called Strike 0-1: Ball 1-1: Fly out, F4 (Line Drive, 4, EV 64.4 MPH)
|
|
Batting: RHB Bruce Morrison
|
0-0: Foul Ball, location: 2F 0-1: Fly out, F9 (Flyball, 9D, EV 89.4 MPH)
|
| Bottom of the 6th over - 0 runs, 0 hits, 0 errors, 0 left on base; Lodi 2 - Salinas 0 |
| TOP OF THE 7TH |
|
Lodi Crushers batting - Pitching for Salinas Fire Frogs : LHP Manny Villanueba
|
|
Batting: RHB Kerry Baker
|
0-0: Ball 1-0: SINGLE (Groundball, 3S, EV 66.3 MPH) (infield hit)
|
|
Batting: LHB Adrian Zepeda
|
0-0: Bunted foul 0-1: Bunted foul 0-2: SINGLE (Groundball, 6MD, EV 98.8 MPH) Kerry Baker to second
|
|
Batting: LHB Francisco Jabalera
|
0-0: Sac Bunt to 23 - play at first, batter OUT! 3-4 Kerry Baker to third Adrian Zepeda to second
|
|
Batting: RHB Carmelo Martinez
|
0-0: Intentional Walk
|
|
Batting: LHB Jeff Reed
|
0-0: Called Strike 0-1: Swinging Strike 0-2: Ball 1-2: Ball 2-2: Ball 3-2: Foul Ball, location: 2F 3-2: Base on Balls Kerry Baker scores Adrian Zepeda to third Carmelo Martinez to second
|
|
Batting: RHB John Empting
|
0-0: Ball 1-0: Ball 2-0: Called Strike 2-1: SINGLE (Line Drive, 4, EV 96.3 MPH) Adrian Zepeda scores Carmelo Martinez to third Jeff Reed to second Runner from 3rd tries for Home, throw by CF and OUT! 8-2
|
|
Batting: RHB Chris Baker
|
0-0: Ball 1-0: SINGLE (Groundball, 6MD, EV 108.8 MPH) Jeff Reed to third John Empting to second Runner from 3rd tries for Home, SAFE, throw by CF to home
|
|
Batting: RHB Steve Aragon
|
0-0: Ball 1-0: Ball 2-0: Called Strike 2-1: Foul Ball, location: 2F 2-2: Ground out U3 (Groundball, 13, EV 76.3 MPH)
|
| Top of the 7th over - 3 runs, 4 hits, 0 errors, 2 left on base; Lodi 5 - Salinas 0 |
| BOTTOM OF THE 7TH |
|
Salinas Fire Frogs batting - Pitching for Lodi Crushers : RHP Dale Brown
|
|
Batting: LHB Charles McGehee
|
0-0: Ball 1-0: Fly out, F7 (Flyball, 78XD, EV 101.3 MPH)
|
|
Batting: RHB Jordan Chavez
|
0-0: Called Strike 0-1: Called Strike 0-2: Ball 1-2: Foul Ball, location: 2F 1-2: SINGLE (Groundball, 4D, EV 93.8 MPH)
|
|
Batting: RHB Therron Harper
|
Pickoff Throw to First - Error! E1 Jordan Chavez to second 0-0: Called Strike 0-1: Ball 1-1: Swinging Strike 1-2: Foul Ball, location: 2F 1-2: Ground out 4-3 (Groundball, 4S, EV 87.5 MPH) Jordan Chavez to third
|
|
Batting: RHB Leon Doak
|
0-0: Foul Ball, location: 2F 0-1: Swinging Strike 0-2: Ball 1-2: SINGLE (Groundball, 56D, EV 94.4 MPH) Jordan Chavez scores
|
|
Batting: RHB Bobby Morin
|
0-0: Ball 1-0: Foul Ball, location: 2F 1-1: Ball 2-1: Foul Ball, location: 2F 2-2: Ball 3-2: Ground out 6-3 (Groundball, 6, EV 86.3 MPH)
|
| Bottom of the 7th over - 1 run, 2 hits, 1 error, 1 left on base; Lodi 5 - Salinas 1 |
| TOP OF THE 8TH |
|
Lodi Crushers batting - Pitching for Salinas Fire Frogs : LHP Manny Villanueba
|
|
Batting: SHB Leon Baham
|
0-0: Foul Ball, location: 2F 0-1: Ball 1-1: Ball 2-1: Called Strike 2-2: Ground out 4-3 (Groundball, 4, EV 101.9 MPH)
|
|
Batting: RHB Kerry Baker
|
0-0: Called Strike 0-1: Foul Ball, location: 2F 0-2: Foul Ball, location: 2F 0-2: Foul Ball, location: 2F 0-2: Ball 1-2: Ball 2-2: Ball 3-2: Fly out, F8 (Flyball, 78D, EV 98.1 MPH)
|
|
Batting: LHB Adrian Zepeda
|
0-0: Ball 1-0: Ball 2-0: Ball 3-0: Called Strike 3-1: Called Strike 3-2: Fly out, F7 (Flyball, 7D, EV 90.0 MPH)
|
| Top of the 8th over - 0 runs, 0 hits, 0 errors, 0 left on base; Lodi 5 - Salinas 1 |
| BOTTOM OF THE 8TH |
|
Salinas Fire Frogs batting - Pitching for Lodi Crushers : RHP Dale Brown
|
|
Batting: RHB Carlos Urias
|
0-0: Foul Ball, location: 2F 0-1: Ball 1-1: Fly out, F7 (Line Drive, 7, EV 93.1 MPH)
|
|
Batting: RHB Kevin Mitchell
|
0-0: Ball 1-0: Fly out, F8 (Flyball, 8LS, EV 85.0 MPH)
|
|
Batting: LHB Kent Keiser
|
0-0: Ball 1-0: Foul Ball, location: 2F 1-1: Ball 2-1: Foul Ball, location: 2F 2-2: Ball 3-2: Foul Ball, location: 2F 3-2: Base on Balls
|
|
Batting: RHB Bruce Morrison
|
0-0: Fly out, F9 (Flyball, 9, EV 89.4 MPH)
|
| Bottom of the 8th over - 0 runs, 0 hits, 0 errors, 1 left on base; Lodi 5 - Salinas 1 |
| TOP OF THE 9TH |
|
Lodi Crushers batting - Pitching for Salinas Fire Frogs : LHP Manny Villanueba
|
|
Batting: LHB Francisco Jabalera
|
0-0: Called Strike 0-1: Ball 1-1: Called Strike 1-2: Foul Ball, location: 2F 1-2: Ball 2-2: Strikes out looking
|
|
Batting: RHB Carmelo Martinez
|
0-0: Ball 1-0: Called Strike 1-1: Ball 2-1: Called Strike 2-2: Foul Ball, location: 2F 2-2: Ball 3-2: Fly out, F4 (Popup, 34D, EV 62.5 MPH)
|
|
Batting: LHB Jeff Reed
|
0-0: Ball 1-0: Fly out, F8 (Flyball, 78M, EV 75.0 MPH)
|
| Top of the 9th over - 0 runs, 0 hits, 0 errors, 0 left on base; Lodi 5 - Salinas 1 |
| BOTTOM OF THE 9TH |
|
Salinas Fire Frogs batting - Pitching for Lodi Crushers : RHP Dale Brown
|
|
Batting: LHB Charles McGehee
|
0-0: Fly out, F8 (Flyball, 89D, EV 101.3 MPH)
|
|
Batting: RHB Jordan Chavez
|
0-0: Called Strike 0-1: Ball 1-1: Fly out, F9 (Flyball, 89XD, EV 109.4 MPH)
|
|
Batting: RHB Therron Harper
|
0-0: Ball 1-0: Ball 2-0: Fly out, F8 (Flyball, 8RS, EV 83.8 MPH)
|
| Bottom of the 9th over - 0 runs, 0 hits, 0 errors, 0 left on base; Lodi 5 - Salinas 1 |
|